 Dungeon Crawl Stone Soup version 0.23.2-33-g5129a83184 (webtiles) character file.

Game seed: 6417206373909841446

81 Kold the Insei (level 4, 0/28 HPs)
             Began as an Octopode Transmuter on July 23, 2019.
             Slain by Natasha (9 damage)
             ... on level 2 of the Dungeon.
             The game lasted 00:01:49 (2264 turns).

Kold the Insei (Octopode Transmuter)                Turns: 2264, Time: 00:01:50

Health: 0/28       AC:  1    Str: 10    XL:     4   Next: 40%
Magic:  6/7        EV: 14    Int: 15    God:
Gold:   130        SH:  0    Dex: 12    Spells: 6/7 levels left

rFire    . . .     SeeInvis .     - Unarmed
rCold    . . .     Gourm    .   (no shield)
rNeg     . . .     Faith    .   (helmet restricted)
rPois    .         Spirit   .   (no amulet)
rElec    .         Reflect  .   (no ring)
rCorr    .         Harm     .   (no ring)
MR       .....                  (no ring)
Stlth    +++.......             (no ring)
HPRegen  0.09/turn              (no ring)
MPRegen  0.10/turn              (no ring)
                                (no ring)
                                (no ring)

@: appendage, slowed, very slow
A: almost no armour, stealthy swim, amphibious, 8 rings, constrict 8, tentacle
spike 3, camouflage 1, gelatinous body 1
a: End Transformation


You were on level 2 of the Dungeon.
You were not hungry.
One of your tentacles had a temporary spike.
You visited 1 branch of the dungeon, and saw 2 of its levels.

You collected 130 gold pieces.

Inventory:

Missiles
 a - 12 arrows
Jewellery
 j - an uncursed ring of fire
Scrolls
 d - a scroll of remove curse {unknown}
 f - a scroll of blinking {unknown}
 h - 2 scrolls of identify {unknown}
 i - a scroll of immolation {unknown}
 k - a scroll of enchant weapon {unknown}
 l - a scroll of magic mapping {unknown}
Potions
 b - a potion of curing {unknown}
 e - a potion of invisibility {unknown}
 g - a potion of resistance {unknown}
Comestibles
 c - 4 rations
 m - 2 chunks of flesh


   Skills:
 - Level 1.0 Fighting
 + Level 2.7 Dodging
 + Level 2.5 Stealth
 + Level 3.6 Unarmed Combat
 - Level 2.0 Spellcasting
 + Level 2.8 Transmutations


You had 6 spell levels left.
You knew the following spells:

 Your Spells              Type           Power        Failure   Level  Hunger
a - Beastly Appendage     Tmut           #.....       7%          1    #......

Your spell library contained the following spells:

 Spells                   Type           Power        Failure   Level  Hunger
 Sticks to Snakes         Tmut           #.......     11%         2    ###....
 Confusing Touch          Hex            #.....       22%         1    #......
 Spider Form              Tmut/Pois      #.........   36%         3    ###....
 Confuse                  Hex            #.......     54%         3    ###....
 Gell's Gravitas          Tloc           #.........   54%         3    ###....
 Ice Form                 Ice/Tmut       #.......     77%         4    #####..
 Petrify                  Tmut/Erth      #.......     77%         4    #####..
 Blade Hands              Tmut           #.........   89%         5    ######.
 Yara's Violent Unravell  Hex/Tmut       #.........   98%         5    ######.
 Metabolic Englaciation   Hex/Ice        #.........   99%         5    ######.


Dungeon Overview and Level Annotations

Branches:
Dungeon (2/15)

Altars:
Ashenzari
Fedhas
Kikubaaqudgha

Annotations:
D:2 Natasha


Innate Abilities, Weirdness & Mutations

You cannot wear most types of armour.
You are very stealthy in the water. (Stealth+)
You are amphibious.
You can wear up to eight rings at the same time.
You can use your tentacles to constrict eight enemies at once.
Your skin changes colour to match your surroundings (Stealth+).
Your rubbery body absorbs attacks. (AC +1, EV +1)
One of your tentacles bears a large vicious spike.


Message History

The worm is severely wounded.
You barely miss the worm. You grab the worm.
The worm is severely wounded.
You constrict the worm. The worm barely misses you.
You tentacle-slap the worm. You squeeze the worm.
The worm is almost dead.
You constrict the worm.
You kill the worm!
Natasha stares at you and mumbles some strange words.
The magic dart hits you.
Casting: Beastly Appendage (safe; 7% risk of failure)
Confirm with . or Enter, or press ? or * to list all spells.
You fail to extend your transformation any further.
Natasha stares at you and mumbles some strange words.
You feel yourself slow down. Natasha claws you!
You tentacle-slap Natasha. Your grab misses Natasha.
Natasha is lightly wounded.
Natasha claws you! x2
You die...

.# #.#.#...#.. #. .#
#.#..#.####
#.########.# #.##..##
# ._.........
#.#.#..## #
#.#.......####.#..#..#
#
#.......?......#...#.#
# #...........###..##
# #............##.## #
#...@...........#
#...h..........##
###.###........### #.
######.....# #.
#.#.#.# #. #.#.#.# #.
....#.# ## ##.###.####
#. #.....


You could see Natasha.

Vanquished Creatures
  Jessica (D:2)
  2 worms (D:2)
  A dart slug (D:1)
  2 leopard geckos (D:1)
  2 giant cockroaches
  4 goblins
  3 hobgoblins (D:1)
  11 jackals
  A ball python (D:2)
  4 bats (D:1)
  4 frilled lizards
  4 kobolds
  4 rats (D:1)
43 creatures vanquished.

Notes
Turn   | Place    | Note
-------+----------+-------------------------------------------
     0 | D:1      | Kold the Octopode Transmuter began the quest for the Orb.
     0 | D:1      | Reached XP level 1. HP: 13/13 MP: 3/3
   235 | D:1      | Reached skill level 1 in Stealth
   236 | D:1      | Reached XP level 2. HP: 18/18 MP: 3/5
   834 | D:1      | Found a shattered altar of Ashenzari.
   931 | D:1      | Reached XP level 3. HP: 15/23 MP: 6/6
  1514 | D:2      | Noticed Jessica
  1520 | D:2      | Killed Jessica
  1520 | D:2      | Reached XP level 4. HP: 25/28 MP: 5/7
  2229 | D:2      | Found a blossoming altar of Fedhas.
  2256 | D:2      | Found an ancient bone altar of Kikubaaqudgha.
  2257 | D:2      | Noticed Natasha
  2264 | D:2      | Slain by Natasha

Skill      XL: |  1  2  3 |
---------------+----------+-----
Stealth        | 1 2 |  2.5
Fighting       | |  1.0
Dodging        | |  2.7
Unarmed Combat | |  3.6
Spellcasting   | |  2.0
Transmutations | |  2.8

Action                   |  1- 3 |  4- 6 || total
-------------------------+-------+-------++-------
Melee: Unarmed           |    68 |    29 ||    97
       Constrict         |    22 |     7 ||    29
       Tentacles         |    13 |     5 ||    18
       Kick              |    13 |     4 ||    17
 Cast: Beastly Appendage |    16 |     6 ||    22
 Stab: Sleeping          |     1 |     2 ||     3
  Eat: Chunk             |     2 |     3 ||     5
Armor: Skin              |     7 |       ||     7
Dodge: Dodged            |    46 |    24 ||    70
